 Dungeon Crawl Stone Soup version 0.25-a0-1119-g28b6fd0 (webtiles) character file.

Game seed: 13178012766813646306, levelgen mode: deterministic

171 robertstho the Chopper (level 5, -3/49 HPs)
             Began as a Deep Dwarf Fighter on May 18, 2020.
             Slain by a crocodile (15 damage)
             ... in a sewer.
             The game lasted 00:04:16 (1873 turns).

robertstho the Chopper (Deep Dwarf Fighter)         Turns: 1873, Time: 00:04:17

Health: -3/49      AC:  7    Str: 21    XL:     5   Next: 26%
Magic:  5/5        EV:  8    Int:  8    God:
Gold:   173        SH:  9    Dex: 12    Spells: 4/4 levels left

rFire    . . .     SeeInvis .   a - +0 war axe
rCold    . . .     Gourm    .   c - +0 kite shield
rNeg     . . .     Faith    .   b - +0 scale mail
rPois    .         Spirit   .   (no helmet)
rElec    .         Reflect  .   (no cloak)
rCorr    .         Harm     .   (no gloves)
MR       .....                  (no boots)
Stlth    ..........             (no amulet)
HPRegen  0.00/turn              (no ring)
MPRegen  0.09/turn              (no ring)

@: non-regenerating
A: damage resistance, heal wounds, sense surroundings 1, no regeneration
a: Heal Wounds


You were in a sewer.
You were not hungry.

You visited 1 branch of the dungeon, and saw 4 of its levels.
You also visited: Sewer.

You collected 173 gold pieces.

Inventory:

Hand Weapons
 a - a +0 war axe (weapon)
Armour
 b - a +0 scale mail (worn)
 c - a +0 kite shield (worn)
Jewellery
 m - an uncursed ring of fire {unknown}
 o - a cursed amulet of inaccuracy {unknown}
 q - an uncursed amulet of the acrobat {unknown}
Wands
 w - a wand of clouds (4)
Scrolls
 g - 2 scrolls of identify {unknown}
 i - a scroll of fear {unknown}
 k - 2 scrolls of amnesia {unknown}
 l - 2 scrolls of teleportation {unknown}
 n - 4 scrolls of remove curse {unknown}
 p - a scroll of magic mapping {unknown}
 v - a scroll of enchant weapon {unknown}
 x - a scroll of blinking {unknown}
Potions
 d - a potion of might
 e - a potion of flight {unknown}
 h - a potion of heal wounds {unknown}
 j - 2 potions of curing {unknown}
 r - a potion of berserk rage {unknown}
 s - a potion of ambrosia {unknown}
 u - 2 potions of stabbing {unknown}
 z - a potion of brilliance {unknown}
Comestibles
 f - 14 rations
 t - 20 chunks of flesh


   Skills:
 * Level 3.3 Fighting
 * Level 4.2 Axes
 * Level 4.1 Armour
 * Level 1.5 Dodging
 + Level 3.7 Shields


You had 4 spell levels left.
You didn't know any spells.
Your spell library was empty.

Dungeon Overview and Level Annotations

Branches:
Dungeon (4/15)              Sewer (1/1)
 Temple: D:4-7

Altars:
Nemelex Xobeh
Ru


Innate Abilities, Weirdness & Mutations

You are resistant to damage.
You can heal yourself by infusing magical energy.
You passively map a small area around you.
You do not regenerate.


Message History

The crocodile bites you but does no damage.
You closely miss the crocodile.
The crocodile is lightly wounded.
The crocodile barely misses you.
You slash the crocodile!
The crocodile is heavily wounded.
The crocodile bites you.
You hit the crocodile but do no damage.
The crocodile is heavily wounded.
The crocodile barely misses you. The crocodile closely misses you.
You slash the crocodile!
The crocodile is almost dead.
The crocodile bites you!
* * * LOW HITPOINT WARNING * * *
You closely miss the crocodile.
The crocodile is almost dead.
The crocodile bites you but does no damage.
You block the crocodile's attack.
You fail to use your ability.
The crocodile bites you!
You die...

#.# ####### #.#
##.....## #.#
##...≈...#
#.#######...≈≈≈...
#..........≈≈≈≈≈.∩
#.#######...≈≈≈...
#.# ##...≈...# #.#
##.÷.÷.## **#@# *
####### *#..t..#
#.......#
#.......#
#.......#
#.......#
#..$($..#
##$$)$$##


You could see a crocodile.

Vanquished Creatures
  An orc wizard (D:3)
  Robin (D:4)
  An adder (D:3)
  An ooze (D:1)
  4 worms
  A dart slug (D:1)
  6 leopard geckos
  2 orcs (D:3)
  3 ball pythons
  3 giant cockroaches
  13 goblins
  15 hobgoblins
  8 jackals (D:1)
  6 kobolds
  15 bats
  5 frilled lizards
  11 rats
96 creatures vanquished.

Notes
Turn   | Place    | Note
-------+----------+-------------------------------------------
     0 | D:1      | robertstho the Deep Dwarf Fighter began the quest for the
                  | Orb.
     0 | D:1      | Reached XP level 1. HP: 20/20 MP: 1/1
   130 | D:1      | Reached XP level 2. HP: 25/27 MP: 2/2
   293 | D:1      | Reached XP level 3. HP: 29/34 MP: 3/3
   698 | D:1      | Reached skill level 1 in Dodging
   876 | D:2      | Found a sacrificial altar of Ru.
  1092 | D:2      | Reached XP level 4. HP: 8/42 MP: 4/4
  1463 | D:3      | Found a sparkling altar of Nemelex Xobeh.
  1766 | D:4      | Noticed Robin
  1768 | D:4      | Found a glowing drain.
  1769 | D:4      | Reached XP level 5. HP: 41/49 MP: 5/5
  1786 | D:4      | Killed Robin
  1818 | Sewer    | Entered a sewer
  1860 | Sewer    | Noticed a crocodile
  1873 | Sewer    | Slain by a crocodile

Illustrated notes

Levels and vault maps discovered:
D:1:      elethiomel_arrival_quiet, layout_loops_ring
D:2:      layout_basic, nicolae_ru_sacrificial_ziggurat
D:3:      layout_basic, nemelex_spade_bored_becter
D:4:      gammafunk_cloud_chamber, layout_loops_ring,
          cheibrodos_sewer_entry_sluice, nrook_loot_triangle, uniq_robin
Sewer:    sewer_big_baddie

Skill      XL: |  1  2  3  4  5 |
---------------+----------------+-----
Fighting       | 3 |  3.3
Axes           | 3 4 |  4.2
Dodging        | 1 |  1.5
Armour         | 4 |  4.1
Shields        | |  3.7

Action                   |  1- 3 |  4- 6 || total
-------------------------+-------+-------++-------
Melee: War axe           |   135 |   145 ||   280
 Abil: Heal Wounds       |       |     3 ||     3
  Eat: Chunk             |     1 |     3 ||     4
Armor: Scale mail        |    73 |   113 ||   186
Dodge: Dodged            |    40 |    68 ||   108
Block: Kite shield       |    90 |   104 ||   194

Table legend:
 A = Non-vault XP
 B = Vault XP
 C = Vault XP percentage of total XP
 D = Non-vault monster count
 E = Vault monster count
 F = Vault count percentage of total count
                 A         B        C        D         E       F
            +---------+---------+-------+---------+---------+-------
      Total |     194 |      51 |  20.8 |      76 |      20 |  20.8
            +---------+---------+-------+---------+---------+-------
        D:1 |      74 |       0 |   0.0 |      38 |       0 |   0.0
        D:2 |      33 |       0 |   0.0 |      17 |       0 |   0.0
        D:3 |      85 |       0 |   0.0 |      20 |       0 |   0.0
        D:4 |       2 |      45 |  95.7 |       1 |      15 |  93.8
      Sewer |       0 |       6 | 100.0 |       0 |       5 | 100.0
            +---------+---------+-------+---------+---------+-------
